cohdb
Replays
Latest Replays
All Replays
Popular Replays
Top Player Replays
Match Explorer
How It Works
Community
CoH3 Stats
Reddit
Sign in to upload your games and track your stats! →
Sign in with Steam
Match 28311741
Unlisted
Match 28311741
Overview
Messages
Build Orders
End
Construct Infanterie Kompanie
Selects Breakthrough Battlegroup
MG 42 Machine Gun Team
Grenadier Squad
Selects Assault Grenadiers
GrW 34 Mortar Team
Grenadier Squad
Medical Station
Infanterie Officer Quarters
Selects Breakthrough
Grenadier Squad
Construct Panzergrenadier Kompanie
Sniper
251 Medium Carrier
Pak 40 Anti-tank Gun Team
Selects Incendiary Bombing Run
Grenadier Squad
Construct Panzer Kompanie
Panzergrenadier Officer Quarters
Support Elements
Selects 2.5-tonne Cargo Truck
Side Skirts
Selects Blitzkrieg
Sturmpanzer IV Brummbär
Stoßtruppen Squad
Ninx
DayzMeRolling
Joraad
drs2shen
R0NIN133
DocMayou
dinamix.fr
seb
0
0
Comments
sign in to comment!
No comments posted yet!